 Dungeon Crawl Stone Soup version 0.18-a0-1186-gd02dc51 (webtiles) character file.

204 4thArraOfDagon the Insei (level 5, -1/41 HPs)
             Began as a Draconian Summoner on Jan 28, 2016.
             Killed from afar by Dowan (8 damage)
             ... with a stone arrow
             ... on level 4 of the Dungeon.
             The game lasted 00:07:00 (962 turns).

4thArraOfDagon the Insei (Draconian Summoner)        Turns: 962, Time: 00:07:00

Health: -1/41      AC:  6    Str: 10    XL:     5   Next: 52%
Magic:  3/8        EV: 10    Int: 16    God:
Gold:   82         SH:  0    Dex: 12    Spells: 3 memorised, 2 levels left

rFire  . . .     SeeInvis .     e - +0 trident
rCold  . . .     Gourm    .     (armour unavailable)
rNeg   . . .     Faith    .     (no shield)
rPois  .         Spirit   .     (helmet restricted)
rElec  .         Dismiss  .     (no cloak)
rCorr  .         Reflect  .     c - +0 pair of gloves (curse)
SustAt .         Harm     .     (no boots)
MR     .....                    (no amulet)
Stlth  ++........               (no ring)
                                f - -2 ring of evasion (curse)

@: not resistant to hostile enchantments, unstealthy
A: unfitting armour, cold-blooded, AC +5
a: no special abilities


You were on level 4 of the Dungeon.
You were not hungry.

You visited 1 branch of the dungeon, and saw 6 of its levels.

You collected 82 gold pieces.

Inventory:

Hand Weapons
 e - a +0 trident (weapon)
Armour
 c - a cursed +0 pair of gloves (worn)
Jewellery
 f - a cursed -2 ring of evasion (left hand)
Books
 a - a book of Callings

   Spells                             Type                      Level
   a - Summon Small Mammal            Summoning                    1
   b - Call Imp                       Summoning                    2
   c - Call Canine Familiar           Summoning                    3
   d - Summon Guardian Golem          Hexes/Summoning              3
   e - Summon Lightning Spire         Summoning/Air                4
   f - Summon Ice Beast               Ice/Summoning                4
Comestibles
 b - 2 bread rations
 d - a chunk of flesh
 g - a meat ration
 j - 4 fruits


   Skills:
 + Level 2.1 Fighting
 + Level 2.5 Dodging
 - Level 1.7 Stealth
 * Level 4.3 Unarmed Combat
 - Level 2.0 Spellcasting
 - Level 4.0 Summonings


You had 2 spell levels left.
You knew the following spells:

 Your Spells              Type           Power        Failure   Level  Hunger
a - Summon Small Mammal   Summ           ##..         4%          1    #......
b - Call Imp              Summ           ##......     8%          2    ###....
c - Call Canine Familiar  Summ           ##......     12%         3    ###....


Dungeon Overview and Level Annotations

Branches:
Dungeon (6/15)
 Temple: D:4-7

Altars:

Annotations:
D:4 Dowan


Innate Abilities, Weirdness & Mutations

Your plain brown scales are hard (AC +5).
Your body does not fit into most forms of armour.
You are cold-blooded and may be slowed by cold attacks.


Message History

Your iron imp closely misses Dowan.
Your crimson imp barely misses Dowan.
Your crimson imp blinks!
Unknown command.
Dowan casts a spell.
Dowan blinks!
Unknown command.
Unknown command.
Dowan casts a spell at you.
The shard of ice misses your crimson imp.
The shard of ice hits you!
* * * LOW HITPOINT WARNING * * *
Your iron imp hits Dowan.
Dowan hits your crimson imp with a dagger.
Your crimson imp hits Dowan but does no damage.
Things that are here:
a short sword; the elf corpse of Duvessa Unknown command.
Dowan gestures at you while chanting. The stone arrow misses your iron imp.
The stone arrow hits you!
You die...

##. ### # #.. # #.. #.#.# #. #.#
.#.# ##.## #.# ... ##.... #.#
#.### ##.....## ##.## #.#.##
#.......#
###...##########@...####.........
.................).....+.........
###...##########55..####.........
#...).# #e#.## #.......# #.#.#.#
##.#########.....## #.#.#.#
#...........#...# #.#.#.#
####...#######.##+# #.....#
#.......e.# #.##.# ###.###
#.###.#.#.#####.##.#


You could see Dowan, a friendly iron imp and a friendly crimson imp.

Vanquished Creatures
  An adder (D:3)
  A giant gecko (D:2)
  2 giant cockroaches
  A goblin (D:3)
  3 bats
  A giant gecko skeleton (D:4)
  A giant newt (D:4)
  A rat (D:1)
11 creatures vanquished.

Vanquished Creatures (collateral kills)
  Duvessa (D:4)
  A phantom (D:4)
  A worker ant (D:4)
  An iguana (D:4)
  A worker ant zombie (D:6)
  2 adders
  4 giant geckos
  An orc (D:6)
  A giant cockroach (D:3)
  A ball python zombie (D:6)
  5 giant newts
  A kobold (D:1)
  A rat (D:2)
21 creatures vanquished.

Vanquished Creatures (others)
  2 plants (D:4)
2 creatures vanquished.

Grand Total: 34 creatures vanquished

Notes
Turn   | Place    | Note
--------------------------------------------------------------
     0 | D:1      | 4thArraOfDagon the Draconian Summoner began the quest for the Orb.
     0 | D:1      | Reached XP level 1. HP: 14/14 MP: 3/3
    55 | D:1      | Reached skill level 1 in Unarmed Combat
   124 | D:3      | Reached XP level 2. HP: 12/20 MP: 3/5
   176 | D:3      | Learned a level 2 spell: Call Imp
   462 | D:3      | You fall through a shaft for 3 floors!
   482 | D:6      | Reached XP level 3. HP: 11/26 MP: 1/6
   508 | D:6      | Learned a level 3 spell: Call Canine Familiar
   547 | D:5      | Entered Level 5 of the Dungeon
   620 | D:6      | Noticed a centaur
   626 | D:5      | Noticed a phantom
   723 | D:4      | Noticed a phantom
   800 | D:4      | Reached XP level 4. HP: 21/34 MP: 3/7
   858 | D:4      | Killed a phantom
   858 | D:4      | Reached skill level 1 in Fighting
   923 | D:4      | Noticed Duvessa
   951 | D:4      | Noticed Dowan
   954 | D:4      | Killed Duvessa
   954 | D:4      | Reached XP level 5. HP: 15/41 MP: 2/8
   962 | D:4      | Killed from afar by Dowan

Vault maps used:
D:1:      saegor_arrival_miasma
D:2:      serial_bayou_pond_a
D:3:      led_sif_book, ecumenical_altar_1, uniq_robin
D:4:      grunt_temple_overflow_open, first_bread, minmay_lizard_king,
          uniq_sigmund, uniq_grinder, uniq_duvessa
D:5:      grunt_pakellas_basics, serial_shops, shop_statue, uniq_eustachio

Action                   |  1- 3 |  4- 6 || total
-------------------------+-------+-------++-------
Melee: Unarmed           |    31 |       ||    31
       Mace              |     6 |       ||     6
       Trident           |    27 |    20 ||    47
       Broad axe         |     1 |       ||     1
 Cast: Summon Small Mamm |    10 |       ||    10
       Call Imp          |    19 |     6 ||    25
  Use: Scroll            |     3 |       ||     3
       Potion            |     2 |     1 ||     3
 Stab: Distracted        |       |     2 ||     2
  Eat: Chunk             |     1 |     1 ||     2
